 Dungeon Crawl Stone Soup version 0.28.0-53-g5a82cb258f (webtiles) character file.

Game seed: 9569144608060846450

712 Stomo the Skirmisher (level 7, -3/38 HPs)
             Began as a Vine Stalker Fighter on June 20, 2022.
             Slain by an orc warrior
             ... wielding a +0 halberd
              (12 damage)
             ... on level 5 of the Dungeon.
             The game lasted 00:07:15 (4147 turns).

Stomo the Skirmisher (Vine Stalker Fighter)         Turns: 4147, Time: 00:07:15

Health: -3/38      AC: 12    Str: 21    XL:     7   Next: 68%
Magic:  0/8        EV: 11    Int:  8    God:
Gold:   175        SH:  0    Dex: 13    Spells: 6/6 levels left

rFire   . . .      SeeInvis .   k - +6 club (spect)
rCold   . . .      Faith    .   (no shield)
rNeg    . . .      Spirit   +   b - +0 scale mail
rPois   .          Reflect  .   y - +0 helmet
rElec   .          Harm     .   r - +2 cloak
rCorr   .          Rampage  .   (no gloves)
Will    .....                   x - +0 pair of boots
Stlth   ..........              (no amulet)
HPRegen 0.92/turn               (no ring)
MPRegen 0.11/turn               (no ring)

@: no status effects
A: fangs 2, regeneration 1, magic shield, antimagic bite, no potion heal 2
a: no special abilities


You were on level 5 of the Dungeon.
You visited 1 branch of the dungeon, and saw 5 of its levels.

You collected 175 gold pieces.

Inventory:

Hand Weapons
 a - a +1 flail
 k - a +6 spectral club (weapon)
 z - a +1 mace of holy wrath
 A - a +1 mace of holy wrath
Armour
 b - a +0 scale mail (worn)
 c - a +0 buckler
 i - a +0 scale mail
 r - a +2 cloak (worn)
 x - a +0 pair of boots (worn)
 y - a +0 helmet (worn)
Jewellery
 q - a ring of ice
 w - a ring of fire
Wands
 p - a wand of charming (13)
Scrolls
 g - 2 scrolls of identify {unknown}
 h - 2 scrolls of immolation {unknown}
 m - a scroll of noise {unknown}
 s - 2 scrolls of enchant armour {unknown}
 t - a scroll of amnesia {unknown}
 u - a scroll of teleportation {unknown}
 v - a scroll of fog {unknown}
Potions
 d - a potion of magic {unknown}
 e - 4 potions of curing
 f - a potion of haste {unknown}
 j - 3 potions of flight {unknown}
 l - 2 potions of berserk rage {unknown}
 n - 2 potions of lignification {unknown}
 o - a potion of mutation {unknown}


   Skills:
 + Level 4.6 Fighting
 + Level 4.0 Maces & Flails
 + Level 4.1 Armour
 + Level 3.1 Dodging
 - Level 2.6 Shields


You had 6 spell levels left.
You didn't know any spells.
Your spell library contained the following spells:

 Spells                   Type           Power      Damage    Failure   Level
 Corpse Rot               Necr/Air       0%         N/A       86%         2
 Call Canine Familiar     Summ           0%         N/A       98%         3
 Portal Projectile        Hex/Tloc       0%         N/A       98%         3
 Dispel Undead            Necr           0%         3d6       100%        4
 Leda's Liquefaction      Hex/Erth       0%         N/A       100%        4
 Summon Forest            Summ/Tloc      0%         N/A       100%        5
 Death Channel            Necr           0%         N/A       100%        6
 Eringya's Noxious Bog    Tmut/Pois      0%         N/A       100%        6
 Summon Hydra             Summ           0%         N/A       100%        7


Dungeon Overview and Level Annotations

Branches:
Dungeon (5/15)             Temple (0/1) D:4

Altars:


Innate Abilities, Weirdness & Mutations

You have extremely sharp teeth.
Your natural rate of healing is unusually fast.
When hurt, damage is shared between your health and your magic reserves.
Your bite disrupts and absorbs the magic of your enemies.
Potions cannot restore your health.


Message History

The orc shouts!
You hear a shout!
An orc comes into view. It is wielding a +0 hand axe.
There are monsters nearby!
There are monsters nearby!
An orc warrior comes into view. It is wielding a +0 halberd.
Found a scroll labelled ISTILU ZOIC.
The orc warrior shouts!
The orc shouts!
You hear a shout! x2
An orc comes into view. It is wielding a +0 short sword.
The orc hits you but does no damage.
An orc comes into view. It is wielding a +0 flail.
You hit the orc. Your bite misses the orc.
The orc is heavily wounded.
The orc closely misses you.
You hit the orc.
You kill the orc!
The orc warrior hits you but does no damage.
The orc warrior barely misses you.
Things that are here:
a +0 hand axe; a +0 leather armour You barely miss the orc warrior.
The orc warrior hits you with a +0 halberd!
You hit the orc warrior. Your bite misses the orc warrior.
The orc warrior is lightly wounded.
The orc warrior hits you with a +0 halberd!
You hit the orc warrior.
The orc warrior is moderately wounded.
The orc warrior hits you but does no damage.
You hit the orc warrior.
The orc warrior is heavily wounded.
The orc warrior hits you with a +0 halberd!
You hit the orc warrior.
You bite the orc warrior, but do no damage.
The orc warrior is heavily wounded.
The orc warrior hits you with a +0 halberd!
* * * LOW HITPOINT WARNING * * *
The orc hits you with a +0 short sword.
* * * LOW HITPOINT WARNING * * *
You barely miss the orc. Your bite misses the orc.
The orc warrior hits you with a +0 halberd!
You die...

######
#######.....
.>.......#
#....######
#o#.......#
#@#..####.#
#o#..#....#
#o#..#.####
#o#...<...#
#.#.##....#
#..$..........
#...#.....####
#...#.###.#
#...#.. ...


You could see an orc warrior and 3 orcs.

Vanquished Creatures
  Sigmund (D:3)
  A scorpion (D:4)
  A bullfrog skeleton (D:4)
  Crazy Yiuf (D:4)
  An orc priest (D:3)
  2 scorpion zombies (D:4)
  Jessica (D:2)
  Ijyb (D:3)
  An iguana (D:4)
  An orc wizard (D:3)
  Terence (D:3)
  A howler monkey zombie (D:4)
  10 gnolls
  2 adders (D:2)
  A shadow imp (D:3)
  2 adder zombies (D:4)
  A worm (D:2)
  4 dart slugs
  5 orcs
  6 endoplasms
  5 giant cockroaches
  9 goblins
  9 hobgoblins
  2 jackals (D:1)
  4 quokkas (D:1)
  7 ball pythons
  6 bats
  2 frilled lizards
  8 kobolds
  A quokka zombie (D:4)
  4 rats
101 creatures vanquished.

Notes
Turn   | Place    | Note
-------+----------+-------------------------------------------
     0 | D:1      | Stomo the Vine Stalker Fighter began the quest for the Orb.
     0 | D:1      | Reached XP level 1. HP: 11/11 MP: 2/2
   175 | D:1      | Found a faded altar of an unknown god.
   183 | D:1      | Reached XP level 2. HP: 11/16 MP: 3/3
   286 | D:1      | You fall into a shaft and drop 1 floor!
   474 | D:2      | Reached XP level 3. HP: 3/20 MP: 4/4
   908 | D:1      | Reached skill level 1 in Dodging
  1147 | D:1      | Gained mutation: Your natural rate of healing is unusually
                  | fast. [Vine Stalker growth]
  1147 | D:1      | Reached XP level 4. HP: 13/24 MP: 3/5
  2216 | D:2      | Noticed Jessica
  2233 | D:2      | Killed Jessica
  2234 | D:2      | Reached XP level 5. HP: 14/28 MP: 2/6
  2399 | D:3      | Identified the +6 trident "Beastbane" {vorpal, rCorr Dex+2}
  2807 | D:3      | Noticed Sigmund
  2833 | D:3      | Reached XP level 6. HP: 13/33 MP: 4/7
  2878 | D:3      | Killed Sigmund
  3059 | D:3      | Noticed Terence
  3060 | D:3      | Noticed Ijyb
  3069 | D:3      | Killed Terence
  3084 | D:3      | Killed Ijyb
  3085 | D:3      | Reached XP level 7. HP: 37/37 MP: 8/8
  3729 | D:4      | Found a staircase to the Ecumenical Temple.
  3979 | D:4      | Found a runed translucent door.
  3980 | D:4      | Noticed Crazy Yiuf
  4019 | D:4      | Killed Crazy Yiuf
  4117 | D:5      | Entered Level 5 of the Dungeon
  4147 | D:5      | Slain by an orc warrior

Illustrated notes

Levels and vault maps discovered:
D:1:      minmay_arrival_jagged, layout_loops_ring,
          hellmonk_ecumenical_altar_heavens_door, feat_on_display
D:2:      layout_basic, eino_tiny_chamber, minmay_indecisive_spiral,
          uniq_jessica
D:3:      layout_basic, uniq_terence, uniq_ijyb, uniq_sigmund
D:4:      layout_rooms, minmay_temple_entry_antechambers, serial_undead,
          serial_undead_b, serial_undead_b, serial_undead_c, serial_undead_d,
          uniq_crazy_yiuf_cottage
D:5:      layout_basic

Skill      XL: |  1  2  3  4  5  6  7 |
---------------+----------------------+-----
Maces & Flails | 2 3 4 |  4.0
Fighting       | 3 4 |  4.6
Dodging        | 1 2 3 |  3.1
Armour         | 3 4 |  4.1
Shields        | |  2.6

Action                   |  1- 3 |  4- 6 |  7- 9 || total
-------------------------+-------+-------+-------++-------
Melee: Flail             |    58 |    72 |       ||   130
       Bite              |    15 |    29 |    14 ||    58
       Punch             |       |     4 |     1 ||     5
       Club              |       |    61 |    55 ||   116
  Use: Potion            |     1 |       |       ||     1
       Scroll            |     2 |       |       ||     2
 Stab: Distracted        |       |       |     1 ||     1
Armor: Scale mail        |    27 |    56 |    18 ||   101
Dodge: Dodged            |    35 |    58 |    25 ||   118
Block: Buckler           |     2 |       |       ||     2
